 Dungeon Sprint DCSS version 0.22-a0-542-gce4f928 (webtiles) character file.

729 raistware the Unseen (level 7, -8/49 HPs)
             Began as a Spriggan Assassin on June 24, 2018.
             Was an Initiate of Gozag.
             Killed from afar by Josephine (26 damage)
             ... with a ghostly fireball
             ... in the Dungeon (Sprint VII: "The Pits").
             The game lasted 00:06:12 (875 turns).

raistware the Unseen (Spriggan Assassin)             Turns: 875, Time: 00:06:14

Health: -8/49      AC:  5    Str: 12    XL:     7   Next: 44%
Magic:  8/8        EV: 23    Int: 13    God:    Gozag
Gold:   1728       SH:  0    Dex: 19    Spells: 6/6 levels left

rFire    . . .     SeeInvis +   a - +2 long sword (holy)
rCold    . . .     Gourm    .   (shield restricted)
rNeg     . . .     Faith    .   t - +2 robe
rPois    .         Spirit   .   (helmet restricted)
rElec    .         Reflect  .   d - +0 cloak
rCorr    .         Harm     .   (gloves unavailable)
MR       +....     NoTele   +   (boots unavailable)
Stlth    ..........             (no amulet)
HPRegen  0.16/turn              (no ring)
MPRegen  0.11/turn              (no ring)

@: berserking, hasted, drained, very quick
A: very small, unfitting armour, see invisible, herbivore, speed 3, slow
metabolism 2
a: Potion Petition, Call Merchant, Bribe Branch, Renounce Religion


You were in the Dungeon.
You worshipped Gozag.
Gozag was most pleased with you.
You were not hungry.

You visited 1 branch You collected 1728 gold pieces.

Inventory:

Hand Weapons
 a - a +2 long sword of holy wrath (weapon)
 b - a +0 blowgun
 s - a +2 dagger of venom
Missiles
 e - 8 poisoned needles
 f - 2 curare-tipped needles
Armour
 d - a +0 cloak (worn)
 t - a +2 robe (worn)
Scrolls
 m - a scroll of blinking
 o - 3 scrolls of remove curse
 p - 5 scrolls of amnesia
 q - a scroll of summoning
 r - 2 scrolls of vulnerability
Potions
 h - 6 potions of curing
 i - 4 potions of heal wounds
 k - 4 potions of magic
 l - 2 potions of berserk rage
 n - a potion of invisibility
Comestibles
 g - 9 rations


   Skills:
 - Level 1.5(1.0) Fighting
 - Level 10.1(9.4) Short Blades
 + Level 0.0(4.1) Long Blades
 - Level 2.0(1.4) Throwing
 + Level 7.3(6.6) Dodging
 * Level 18.6(17.8) Stealth


You had 6 spell levels left.
You didn't know any spells.
Your spell library was empty.

Dungeon Overview and Level Annotations

Branches:
Dungeon (1/1)

Altars:
Ashenzari
Cheibriados
Dithmenos
Elyvilon
Fedhas
Gozag
Hepliaklqana
Kikubaaqudgha
Makhleb
Nemelex Xobeh
Okawaru
Qazlal
Ru
Sif Muna
Trog
Uskayaw
Vehumet
Wu Jian
Xom
Yredelemnul
Zin
The Shining One
Beogh
Jiyva
Lugonu

Annotations:
D Josephine


Innate Abilities, Weirdness & Mutations

You are very small and have problems with some larger weapons.
You are too small for most types of armour.
You have supernaturally acute eyesight. (SInv)
You are a herbivore.
You cover ground extremely quickly.
You need to consume almost no food.


Message History

You feel yourself speed up. The wraith hits you but does no damage.
A red film seems to cover your vision as you go berserk!
You feel yourself moving faster!
You feel mighty! The wraith completely misses you.
You slash the wraith!
The wraith convulses!
The wraith is severely damaged.
The wraith completely misses you.
You hit the wraith.
The wraith convulses.
The wraith is severely damaged.
You feel yourself speed up. The wraith misses you.
You riposte.
You completely miss the wraith.
The wraith is severely damaged.
Josephine gestures at you while chanting.
The ghostly flame explodes!
The ghostly fireball engulfs the wraith.
The wraith completely resists.
The ghostly fireball engulfs you!
You feel drained.
Ouch! That really hurt!
You die...
Your body crumbles into a pile of gold.

#.#..#.)#))##.......
#.#..#..#..##.......
#.##'#..#'###...<...
#.#........##.......
#.#........##.......
#'###########.......
#...)...#..#########
#..###..#.######
#..@W@..#.#....#
##W###.##'#W...#
#.......#.'@.@.+
#..###..#W#...m#
#......[W[#.W..#
################


You could see Josephine and 2 wraiths.

Vanquished Creatures
  2 wraiths (D)
  A sky beast (D)
  An ice beast (D)
  A necrophage (D)
  Blork the orc (D)
  An orc priest (D)
  Terence (D)
  A gnoll (D)
  A river rat (D)
  A white imp (D)
  An adder skeleton (D)
  An adder zombie (D)
  2 orcs (D)
  A bat zombie (D)
  3 giant cockroaches (D)
  8 jackals (D)
  A quokka (D)
  A frilled lizard (D)
  A goblin (D)
30 creatures vanquished.

Notes
Turn   | Place    | Note
-------+----------+-------------------------------------------
     0 | D        | raistware the Spriggan Assassin began the quest for the Orb.
     0 | D        | Reached XP level 1. HP: 10/10 MP: 2/2
    12 | D        | Reached skill level 6 in Stealth
    39 | D        | Found a bloodstained altar of Trog.
    39 | D        | Found a deep blue altar of Sif Muna.
    39 | D        | Found a viscous altar of Jiyva.
    39 | D        | Found a hazy altar of Hepliaklqana.
    39 | D        | Found an opulent altar of Gozag.
    40 | D        | Found a glowing golden altar of the Shining One.
    40 | D        | Found a glowing silver altar of Zin.
    40 | D        | Found a basalt altar of Yredelemnul.
    40 | D        | Found a shimmering altar of Xom.
    40 | D        | Found an ornate altar of the Wu Jian Council.
    40 | D        | Found a sacrificial altar of Ru.
    40 | D        | Found a stormy altar of Qazlal.
    40 | D        | Found an iron altar of Okawaru.
    40 | D        | Found a sparkling altar of Nemelex Xobeh.
    40 | D        | Found a burning altar of Makhleb.
    40 | D        | Found a blossoming altar of Fedhas.
    40 | D        | Found a white marble altar of Elyvilon.
    40 | D        | Found a shadowy altar of Dithmenos.
    40 | D        | Found a snail-covered altar of Cheibriados.
    41 | D        | Found a radiant altar of Vehumet.
    41 | D        | Found a corrupted altar of Lugonu.
    41 | D        | Found a roughly hewn altar of Beogh.
    42 | D        | Found an ancient bone altar of Kikubaaqudgha.
    42 | D        | Found a hide-covered altar of Uskayaw.
    42 | D        | Found a shattered altar of Ashenzari.
    46 | D        | Became a worshipper of Gozag Ym Sagoz the Greedy
    68 | D        | Reached skill level 7 in Stealth
   395 | D        | Reached XP level 2. HP: 13/14 MP: 3/3
   402 | D        | Reached skill level 8 in Stealth
   423 | D        | Noticed an ice beast
   438 | D        | Killed an ice beast
   438 | D        | Reached skill level 12 in Stealth
   438 | D        | Reached XP level 3. HP: 17/18 MP: 4/4
   438 | D        | Reached XP level 4. HP: 21/22 MP: 5/5
   521 | D        | Noticed Terence
   524 | D        | Killed Terence
   524 | D        | Reached skill level 13 in Stealth
   524 | D        | Reached XP level 5. HP: 25/25 MP: 6/6
   534 | D        | Noticed a necrophage
   536 | D        | Killed a necrophage
   536 | D        | Reached skill level 15 in Stealth
   560 | D        | Noticed Blork the orc
   562 | D        | Killed Blork the orc
   562 | D        | Reached skill level 16 in Stealth
   562 | D        | Reached XP level 6. HP: 30/30 MP: 7/7
   566 | D        | Noticed a sky beast
   586 | D        | Killed a sky beast
   586 | D        | Reached skill level 17 in Stealth
   667 | D        | Noticed Josephine
   667 | D        | Noticed a wraith
   667 | D        | Noticed a wraith
   667 | D        | Noticed a wraith
   668 | D        | Noticed a wraith
   668 | D        | Noticed a wraith
   668 | D        | Noticed a merfolk
   669 | D        | Killed a wraith
   669 | D        | Reached skill level 5 in Dodging
   669 | D        | Reached XP level 7. HP: 30/33 MP: 8/8
   741 | D        | Killed a wraith
   741 | D        | Reached skill level 10 in Short Blades
   741 | D        | Reached skill level 18 in Stealth
   875 | D        | Killed from afar by Josephine

Vault maps used:
D:        pitsprint

Skill      XL: |  1  2  3  4  5  6  7 |
---------------+----------------------+-----
Stealth        | 7 12 13 16 17 18 | 18.6
Short Blades   | 3 6 8 9 10 | 10.1
Dodging        | 5 7 |  7.3
Fighting       | |  1.5
Throwing       | |  2.0

Action                   |  1- 3 |  4- 6 |  7- 9 || total
-------------------------+-------+-------+-------++-------
Melee: Dagger            |    46 |    35 |     9 ||    90
       Long sword        |       |       |    23 ||    23
  Use: Potion            |     1 |       |     4 ||     5
 Stab: Sleeping          |     1 |    10 |       ||    11
       Invisible         |     2 |       |       ||     2
       Distracted        |     1 |       |       ||     1
Armor: Robe              |     5 |       |     7 ||    12
Dodge: Dodged            |    44 |     9 |    28 ||    81
       Rpst.: Long sword |       |       |     9 ||     9

Table legend:
 A = Spawn XP
 B = Non-spawn XP
 C = Spawn XP percentage of total XP
 D = Spawn monster count
 E = Non-spawn monster count
 F = Spawn count percentage of total count
 G = Total turns spent on level
                    A         B        C        D         E        F      G
               +---------+---------+-------+---------+---------+-------+---------
         Total |       0 |    1042 |   0.0 |       0 |      30 |   0.0 |   875
               +---------+---------+-------+---------+---------+-------+---------
             D |       0 |    1042 |   0.0 |       0 |      30 |   0.0 |   875
               +---------+---------+-------+---------+---------+-------+---------
